 Dungeon Crawl Stone Soup version 0.26.0-10-g1f06aea511 (webtiles) character file.

Game seed: 9788007258421500766

357 vatarom the Gusty (level 6, -3/32 HPs)
             Began as a Tengu Air Elementalist on Jan 18, 2021.
             Slain by Duvessa
             ... wielding a +0 short sword
              (7 damage)
             ... on level 4 of the Dungeon.
             The game lasted 00:06:51 (3967 turns).

vatarom the Gusty (Tengu Air Elementalist)          Turns: 3967, Time: 00:06:52

Health: -3/32      AC:  7    Str:  8    XL:     6   Next: 64%
Magic:  1/11       EV: 12    Int: 18    God:
Gold:   213        SH:  0    Dex: 14    Spells: 1/11 levels left

rFire    . . .     SeeInvis .   g - +0 short sword
rCold    . . .     Faith    .   (no shield)
rNeg     . . .     Spirit   .   e - +0 steam dragon scales
rPois    .         Reflect  .   (helmet restricted)
rElec    .         Harm     .   o - +0 cloak
rCorr    .         Rampage  .   m - +0 pair of gloves (curse)
Will     .....                  (boots unavailable)
Stlth    ++........             (no amulet)
HPRegen  0.10/turn              s - ring of flight
MPRegen  0.12/turn              (no ring)

@: no status effects
A: beak, talons 3, able to fly
a: Fly


You were on level 4 of the Dungeon.
You visited 1 branch of the dungeon, and saw 4 of its levels.

You collected 213 gold pieces.

Inventory:

Hand Weapons
 g - a +0 short sword (weapon)
 t - a +1 dagger of venom
Missiles
 j - 12 poisoned darts
Armour
 e - +0 steam dragon scales (worn)
 m - a cursed +0 pair of gloves (worn)
 o - a +0 cloak (worn)
 u - a +2 robe
Jewellery
 s - a ring of flight (left hand)
Wands
 p - a wand of flame (10)
Scrolls
 a - a scroll of enchant armour {unknown}
 c - a scroll of teleportation {@r3}
 f - 5 scrolls of identify {unknown}
 h - a scroll of amnesia {unknown}
 i - 3 scrolls of magic mapping {unknown}
 k - 2 scrolls of blinking {unknown}
 l - a scroll of random uselessness {unknown}
 n - a scroll of fog {unknown}
 r - a scroll of remove curse {unknown}
Potions
 b - a potion of flight {unknown}
 q - a potion of heal wounds {unknown}


   Skills:
 - Level 2.1 Dodging
 - Level 2.0 Stealth
 + Level 3.0 Spellcasting
 + Level 4.6 Conjurations
 * Level 7.6 Air Magic


You had one spell level left.
You knew the following spells:

 Your Spells              Type           Power        Failure   Level
a - Shock                 Conj/Air       96%          1%          1
b - Swiftness             Air            30%          1%          2
c - Static Discharge      Conj/Air       24%          4%          3
d - Airstrike             Air            15%          7%          4

Your spell library contained the following spells:

 Spells                   Type           Power        Failure   Level
 Lightning Bolt           Conj/Air       12%          36%         5


Dungeon Overview and Level Annotations

Branches:
Dungeon (4/15)
 Temple: D:4-7

Altars:

Annotations:
D:4 Duvessa


Innate Abilities, Weirdness & Mutations

You have a beak for a mouth.
You have claws for feet.
You can fly continuously.


Message History

You don't know that spell.
Casting: Airstrike (quite dangerous; 7% risk of failure)
Confirm with . or Enter, or press ? or * to list all spells.
You can't see any susceptible monsters within range! (Use Z to cast anyway.)
There is a strange disturbance nearby!
You hit something. Your kick misses something. Something hits you.
You barely miss something. Something hits you.
Casting: Airstrike (quite dangerous; 7% risk of failure)
Confirm with . or Enter, or press ? or * to list all spells.
Something is struck by an arc of lightning!
You are struck by an arc of lightning.
The lightning grounds out.
Something hits you.
* * * LOW HITPOINT WARNING * * *
Casting: Static Discharge (dangerous; 4% risk of failure)
Confirm with . or Enter, or press ? or * to list all spells.
Something is struck by an arc of lightning.
You are struck by an arc of lightning.
* * * LOW HITPOINT WARNING * * *
The lightning grounds out.
Something hits you!
You die...

### #############.#
#......@......# #.###########.#
######## ###.####### #.#
#....... ###........<# #.#
#.###### #..........## #.# #.#
#..........######รท###.#####
######..........##.............#
...(#............#.............#
....#............#.......).....#


There were no monsters in sight!

Vanquished Creatures
  An ogre (D:4)
  Dowan (D:4)
  An orc wizard (D:3)
  A bullfrog skeleton (D:4)
  Jessica (D:3)
  5 adders
  An ooze (D:3)
  2 worms (D:2)
  4 leopard geckos
  3 orcs
  A ball python (D:2)
  6 giant cockroaches
  11 hobgoblins
  9 kobolds
  A quokka (D:2)
  10 bats
  7 frilled lizards
  8 goblins
  7 rats
80 creatures vanquished.

Notes
Turn   | Place    | Note
-------+----------+-------------------------------------------
     0 | D:1      | vatarom the Tengu Air Elementalist began the quest for the
                  | Orb.
     0 | D:1      | Reached XP level 1. HP: 10/10 MP: 4/4
   195 | D:1      | Reached XP level 2. HP: 15/15 MP: 4/6
   548 | D:1      | Reached skill level 5 in Air Magic
   610 | D:1      | Learned a level 2 spell: Swiftness
   663 | D:1      | Reached XP level 3. HP: 19/19 MP: 5/7
  1331 | D:2      | Learned a level 3 spell: Static Discharge
  1345 | D:2      | Reached XP level 4. HP: 24/24 MP: 2/8
  2250 | D:3      | Reached skill level 6 in Air Magic
  2305 | D:3      | Noticed Jessica
  2541 | D:3      | Gained mutation: You can fly continuously. [Tengu growth]
  2541 | D:3      | Reached XP level 5. HP: 28/28 MP: 1/9
  3126 | D:3      | Killed Jessica
  3499 | D:4      | Noticed an ogre
  3512 | D:4      | Killed an ogre
  3513 | D:4      | Reached skill level 7 in Air Magic
  3513 | D:4      | Reached XP level 6. HP: 32/32 MP: 0/11
  3606 | D:4      | Learned a level 4 spell: Airstrike
  3770 | D:4      | Noticed Dowan
  3771 | D:4      | Noticed Duvessa
  3784 | D:4      | Killed Dowan
  3967 | D:4      | Slain by Duvessa

Illustrated notes

Levels and vault maps discovered:
D:1:      elethiomel_arrival_shortcut, layout_loops_ring,
          chequers_serial_rivers_marsh, minmay_distorted
D:2:      layout_basic
D:3:      layout_basic, uniq_jessica
D:4:      layout_basic, gammafunk_ghost_necromancy, uniq_ijyb, uniq_duvessa

Skill      XL: |  1  2  3  4  5  6 |
---------------+-------------------+-----
Conjurations   | 2 3 4 |  4.6
Air Magic      | 5 6 7 |  7.6
Spellcasting   | 3 |  3.0
Dodging        | |  2.1
Stealth        | |  2.0

Action                   |  1- 3 |  4- 6 || total
-------------------------+-------+-------++-------
Melee: Unarmed           |     7 |       ||     7
       Kick              |     4 |     8 ||    12
       Peck              |     3 |     3 ||     6
       Short sword       |    11 |    34 ||    45
 Cast: Shock             |    69 |    53 ||   122
       Static Discharge  |       |    12 ||    12
       Airstrike         |       |     3 ||     3
  Use: Potion            |       |     3 ||     3
       Scroll            |       |     2 ||     2
 Stab: Sleeping          |       |     2 ||     2
Armor: Robe              |     2 |       ||     2
       Steam dragon scal |     7 |    22 ||    29
Dodge: Dodged            |    27 |    27 ||    54
